 Dungeon Crawl Stone Soup version 0.30-a0-777-ga9a30cbeda (webtiles) character file.

Game seed: 9548296549970490906

9152 mopl the Basher (level 11, -3/68 HPs)
             Began as a Gargoyle Fighter on Feb 13, 2023.
             Was a Priest of Okawaru.
             Slain by a troll (8 damage)
             ... on level 10 of the Dungeon.
             The game lasted 00:12:28 (8630 turns).

mopl the Basher (Gargoyle Fighter)                  Turns: 8630, Time: 00:12:29

Health: -3/68      AC: 28    Str: 20    XL:     11   Next: 42%
Magic:  0/23       EV: 10    Int:  9    God:    Okawaru [***...]
Gold:   465        SH:  6    Dex: 13    Spells: 10/10 levels left

rFire   . . .      SeeInvis .    H - +8 spear (heavy)
rCold   . . .      Faith    .    c - +0 buckler
rNeg    + . .      Spirit   +    T - +0 plate armour
rPois   ∞          Reflect  .    x - +0 helmet
rElec   +          Harm     .    D - +0 cloak
rCorr   .          Rampage  .    p - +0 pair of gloves
Will    .....                    (no boots) Stlth
                                 l - amulet of guardian spirit
HPRegen 0.31/turn                e - ring of magical power
MPRegen 0.18/turn                (no ring)

@: heroic, studying Summonings
A: sickness immunity, AC +8, negative energy resistance 1, electricity
resistance, torment resistance 1, petrification resistance
a: Renounce Religion, Heroism


You were on level 10 of the Dungeon.
You worshipped Okawaru.
Okawaru was most pleased with you.
You visited 2 branches of the dungeon, and saw 11 of its levels.

You collected 465 gold pieces.

Inventory:

Hand Weapons
 a - a +0 flail
 E - a +1 whip of flaming
 H - a +8 heavy spear (weapon)
 I - a +2 vampiric whip
 L - a +3 war axe of flaming
 M - a +2 dire flail
Missiles
 s - 42 poisoned darts (quivered)
 F - 5 boomerangs
 G - 2 throwing nets
 N - 2 silver javelins
 R - 3 atropa-tipped darts
Armour
 c - a +0 buckler (worn)
 p - a +0 pair of gloves (worn)
 x - a +0 helmet (worn)
 D - a +0 cloak (worn)
 J - a +3 leather armour of cold resistance
 Q - a +2 leather armour of willpower
 S - a +0 tower shield
 T - a +0 plate armour (worn)
Magical Staves
 r - a staff of fire
Jewellery
 e - a ring of magical power (left hand)
 i - an amulet of magic regeneration
 l - an amulet of guardian spirit (around neck)
 q - an amulet of regeneration
 B - an amulet of reflection
Wands
 O - a wand of digging (2)
Scrolls
 b - 2 scrolls of silence {unknown}
 h - a scroll of enchant armour {unknown}
 j - 8 scrolls of identify {unknown}
 k - 7 scrolls of enchant weapon
 m - a scroll of noise {unknown}
 n - 5 scrolls of teleportation {unknown}
 t - 2 scrolls of fog {unknown}
 u - 2 scrolls of blinking {unknown}
 y - 2 scrolls of fear {unknown}
 K - a scroll of immolation {unknown}
 P - a scroll of amnesia {unknown}
Potions
 d - 3 potions of might
 f - 4 potions of heal wounds {unknown}
 g - 3 potions of curing {unknown}
 v - 2 potions of brilliance {unknown}
 w - 3 potions of attraction {unknown}
 z - 3 potions of invisibility
 A - 2 potions of degeneration {unknown}
 C - a potion of berserk rage {unknown}


   Skills:
 + Level 8.1(13.1) Fighting
 * Level 10.0(15.0) Maces & Flails
 + Level 4.4(9.4) Throwing
 + Level 8.2(13.2) Armour
 + Level 5.5(10.5) Dodging
 - Level 3.2(8.2) Shields
 + Level 5.3 Invocations
 + Level 4.4 Evocations


You had 10 spell levels left.
You didn't know any spells.
Your spell library contained the following spells:

 Spells                   Type           Power      Damage    Failure   Level
 Apportation              Tloc           0%         N/A       100%        1
 Beastly Appendage        Tmut           0%         N/A       100%        1
 Magic Dart               Conj           0%         1d3       100%        1
 Blink                    Tloc           0%         N/A       100%        2
 Lesser Beckoning         Tloc           0%         N/A       100%        2
 Scorch                   Fire           0%         2d5       100%        2
 Searing Ray              Conj           0%         2d4       100%        2
 Wereblood                Tmut           0%         N/A       100%        2
 Gell's Gravitas          Tloc           0%         N/A       100%        3
 Portal Projectile        Hex/Tloc       0%         N/A       100%        3
 Spider Form              Tmut/Pois      0%         N/A       100%        3
 Teleport Other           Tloc           0%         N/A       100%        3
 Flame Wave               Conj/Fire      0%         2d4       100%        4
 Fulminant Prism          Conj/Hex       0%         3d5       100%        4
 Leda's Liquefaction      Hex/Erth       0%         N/A       100%        4
 Manifold Assault         Tloc           0%         N/A       100%        4
 Blade Hands              Tmut           0%         N/A       100%        5
 Storm Form               Tmut/Air       0%         N/A       100%        7
 Call Canine Familiar     Summ           Unusable   N/A       N/A         3
 Tukima's Dance           Hex            Unusable   N/A       N/A         3
 Summon Cactus Giant      Summ           Unusable   N/A       N/A         6

Dungeon Overview and Level Annotations

Branches:
Dungeon (10/15)            Temple (1/1) D:5
   Lair: D:8-11         Orc: D:9-12

Altars:
Ashenzari
Cheibriados
Dithmenos
Elyvilon
Fedhas
Gozag
Hepliaklqana
Kikubaaqudgha
Makhleb
Nemelex Xobeh
Okawaru
Qazlal
Ru
Sif Muna
Trog
Uskayaw
Vehumet
Wu Jian
Xom
Yredelemnul
Zin
The Shining One

Shops:
D:5 *


Innate Abilities, Weirdness & Mutations

You are immune to sickness and miasma.
Your stone body is resilient. (AC +8)
You are immune to poison.
You resist negative energy. (rN+)
You are resistant to electric shocks. (rElec)
You are resistant to unholy torment.
You are immune to petrification.


Message History

You see here a +0 spear.
You closely miss the troll.
The troll is lightly wounded.
Something hits you. The troll bites you but does no damage.
The troll claws you but does no damage. The troll closely misses you.
The orc hits you with a +0 club. Something hits you but does no damage.
The orc hits you but does no damage. The troll bites you.
The troll claws you but does no damage. x2
You barely miss the troll.
The troll is lightly wounded.
Something hits you but does no damage. The troll bites you!
The troll claws you but does no damage. x2
The orc hits you but does no damage. The troll bites you but does no damage.
The troll claws you but does no damage. The troll barely misses you.
The orc barely misses you. Something hits you but does no damage.
Something hits you but does no damage.
A centaur comes into view.
An orc comes into view. It is wielding a +0 club.
The troll bites you. The troll barely misses you.
The troll claws you but does no damage. The orc attacks as you move away!
The orc barely misses you.
The orc shouts!
The orc attacks as you move away! The orc hits you but does no damage.
You feel less confused.
The centaur shouts!
Something hits you but does no damage. The troll bites you.
The troll claws you. The troll claws you but does no damage.
You gain the combat prowess of a mighty hero.
You can no longer speed up your combat.
Something hits you but does no damage. The orc barely misses you.
The troll bites you!
* * * LOW HITPOINT WARNING * * *
The troll claws you but does no damage. The troll closely misses you.
Okay, then.
You puncture the troll!
The troll is moderately wounded.
The troll bites you!
* * * LOW HITPOINT WARNING * * *
The troll claws you!
You die...

.###. .# .....######.#
#..........#
.#.........#
...>....>..##### ≈
......))....[... ≈
#...).)c.## ≈
#..o..T...## ≈
#....@o....# ≈
######.....### .
####....########.
##### ##......†....#
......####...#......>.
#...†.†.....#.#.#.
###########.......
#.#.#.#. #.......


You could see a troll, a centaur and 2 orcs.

Vanquished Creatures
  A boulder beetle (D:8)
  A two-headed ogre (D:8)
  A tengu warrior (D:8)
  A deep elf pyromancer (D:8)
  3 cyclopes (D:8)
  Psyche (D:9)
  A komodo dragon (D:9)
  A hornet (D:9)
  A slime creature (D:8)
  A shadow (D:10)
  2 wyverns (D:8)
  A yak (D:8)
  A basilisk (D:8)
  A steam dragon (D:9)
  A water moccasin (D:7)
  6 ice beasts
  2 orc warriors (D:9)
  A black bear (D:7)
  A sky beast (D:7)
  An ogre (D:4)
  3 centaurs
  A phantom (D:3)
  2 kobold brigands
  A scorpion (D:4)
  3 bullfrogs
  2 necrophages
  A gnoll sergeant (D:7)
  7 wights
  10 killer bees
  5 howler monkeys
  2 hounds
  6 orc priests
  Crazy Yiuf (D:6)
  3 jellies
  4 gnoll boudas
  An iguana (D:5)
  7 orc wizards
  8 adders
  26 gnolls
  2 white imps
  2 ufetubi
  2 worms (D:2)
  4 dart slugs
  34 orcs
  3 endoplasms
  6 giant cockroaches
  7 goblins
  9 hobgoblins
  4 jackals (D:4)
  21 kobolds
  6 quokkas
  7 ball pythons
  4 bats
  2 frilled lizards
  4 rats
  A spectral orc (D:5)
240 creatures vanquished.

Vanquished Creatures (others)
  A kobold brigand (D:9)
  2 kobolds (D:9)
  8 plants (D:8)
11 creatures vanquished.

Grand Total: 251 creatures vanquished

Notes
Turn   | Place    | Note
-------+----------+-------------------------------------------
     0 | D:1      | mopl the Gargoyle Fighter began the quest for the Orb.
     0 | D:1      | Reached XP level 1. HP: 14/14 MP: 1/1
   128 | D:1      | Reached XP level 2. HP: 10/19 MP: 2/2
   342 | D:1      | Found a faded altar of an unknown god.
   367 | D:1      | Got Plato's Verses on Points
   790 | D:2      | Reached XP level 3. HP: 22/23 MP: 3/3
  1135 | D:2      | Reached skill level 3 in Maces & Flails
  1139 | D:2      | Reached skill level 1 in Dodging
  1204 | D:2      | Reached XP level 4. HP: 29/29 MP: 4/4
  1619 | D:3      | Noticed a phantom
  1634 | D:3      | Killed a phantom
  1635 | D:3      | Reached skill level 4 in Fighting
  1635 | D:3      | Reached skill level 4 in Armour
  1635 | D:3      | Reached XP level 5. HP: 24/33 MP: 5/5
  2305 | D:4      | Reached skill level 4 in Maces & Flails
  2305 | D:4      | Reached XP level 6. HP: 34/39 MP: 6/6
  2542 | D:4      | Reached skill level 2 in Dodging
  2710 | D:4      | Noticed an ice beast
  2733 | D:4      | Killed an ice beast
  2970 | D:4      | Reached XP level 7. HP: 44/44 MP: 7/7
  2998 | D:5      | Entered Level 5 of the Dungeon
  3010 | D:5      | Found an opulent altar of Gozag.
  3012 | D:5      | Found Gozag's Platinum Reserve.
  3030 | D:5      | Reached skill level 5 in Maces & Flails
  3075 | D:5      | Found a staircase to the Ecumenical Temple.
  3081 | Temple   | Entered the Ecumenical Temple
  3373 | D:5      | Found a basalt altar of Yredelemnul.
  3481 | D:5      | Reached skill level 5 in Armour
  3683 | D:5      | Reached skill level 5 in Fighting
  3958 | D:6      | Reached XP level 8. HP: 40/49 MP: 8/8
  4202 | D:5      | Reached skill level 3 in Dodging
  4282 | D:5      | Reached skill level 6 in Maces & Flails
  4686 | D:6      | Reached skill level 6 in Armour
  4760 | D:6      | Found a sparkling altar of Nemelex Xobeh.
  4924 | D:6      | Found an iron altar of Okawaru.
  4932 | D:6      | Became a worshipper of Warmaster Okawaru
  4974 | D:6      | Found a runed translucent door.
  4975 | D:6      | Noticed Crazy Yiuf
  5111 | D:6      | Killed Crazy Yiuf
  5112 | D:6      | Reached skill level 6 in Fighting
  5266 | D:7      | Reached skill level 7 in Maces & Flails
  5266 | D:7      | Reached skill level 1 in Invocations
  5281 | D:7      | Reached skill level 1 in Throwing
  5281 | D:7      | Reached skill level 1 in Evocations
  5281 | D:7      | Reached XP level 9. HP: 25/55 MP: 9/9
  5530 | D:7      | Reached * piety under Okawaru
  5695 | D:7      | Reached skill level 2 in Invocations
  5769 | D:7      | Reached skill level 4 in Dodging
  5986 | D:7      | Reached skill level 2 in Evocations
  6046 | D:7      | Reached skill level 2 in Throwing
  6232 | D:8      | Reached ** piety under Okawaru
  6239 | D:8      | Reached skill level 8 in Maces & Flails
  6260 | D:8      | Reached skill level 3 in Invocations
  6388 | D:8      | Reached XP level 10. HP: 61/61 MP: 12/12
  6426 | D:8      | Noticed a cyclops
  6439 | D:8      | Killed a cyclops
  6439 | D:8      | Reached *** piety under Okawaru
  6440 | D:8      | Reached skill level 7 in Fighting
  6440 | D:8      | Reached skill level 3 in Throwing
  6440 | D:8      | Reached skill level 7 in Armour
  6440 | D:8      | Reached skill level 3 in Evocations
  6540 | D:8      | Noticed a deep elf pyromancer
  6553 | D:8      | Killed a deep elf pyromancer
  6577 | D:8      | Noticed a tengu warrior
  6595 | D:8      | Killed a tengu warrior
  6596 | D:8      | Reached skill level 9 in Maces & Flails
  6596 | D:8      | Reached skill level 4 in Invocations
  6638 | D:8      | Noticed a two-headed ogre
  6644 | D:8      | Killed a two-headed ogre
  6644 | D:8      | Reached **** piety under Okawaru
  6645 | D:8      | Reached skill level 5 in Dodging
  6711 | D:8      | Found a bloodstained altar of Trog.
  6948 | D:8      | Found a sacrificial altar of Ru.
  6991 | D:8      | Noticed a cyclops
  6991 | D:8      | Noticed a cyclops
  7001 | D:8      | Killed a cyclops
  7009 | D:8      | Killed a cyclops
  7010 | D:8      | Reached skill level 4 in Throwing
  7010 | D:8      | Reached skill level 4 in Evocations
  7010 | D:8      | Reached XP level 11. HP: 41/68 MP: 14/14
  7085 | D:8      | Noticed a boulder beetle
  7102 | D:8      | Killed a boulder beetle
  7102 | D:8      | Received a gift from Okawaru
  7103 | D:8      | Reached skill level 5 in Invocations
  7288 | D:9      | Reached skill level 8 in Armour
  7400 | D:9      | Noticed Psyche
  7415 | D:9      | Killed Psyche
  7415 | D:9      | Received a gift from Okawaru
  7416 | D:9      | Reached skill level 8 in Fighting
  8143 | D:9      | Found an ancient bone altar of Kikubaaqudgha.
  8143 | D:9      | Found a burning altar of Makhleb.
  8292 | D:10     | Entered Level 10 of the Dungeon
  8564 | D:10     | Reached skill level 10 in Maces & Flails
  8630 | D:10     | Slain by a troll

Illustrated notes

Levels and vault maps discovered:
D:1:      co_arrival_random_square_maze, layout_rooms,
          shapermc_ecumenical_altar_rom_forum, nrook_mini_backslash
D:2:      layout_loops_ring
D:3:      layout_loops_corners
D:4:      layout_cave_pools
D:5:      layout_basic, yredelemnul_forgotten_temple_becter,
          nicolae_gozag_zags_fifth_avenue, minmay_temple_entry_fiery,
          minmay_crystal_water, minmay_misc_feat_diagonals
D:6:      nicolae_cairo_tiling_large_dashed, layout_basic,
          nemelex_spade_bored_becter, okawaru_metal_pillars_1_2,
          corexii_corridor_pit, minivault_11, uniq_crazy_yiuf_cottage
D:7:      layout_loops_ring, st_stairs_10, minmay_holes, minmay_manual_mares
D:8:      layout_loops_ring, trog_hazing_becter,
          mainiacjoe_overflow_six_doors_small, minmay_shattered_shrine
D:9:      layout_basic, amethyst_overflow_temple_binary, uniq_psyche
D:10:     layout_rooms, special_room [special_room_orc], st_stairs_10,
          minmay_shop_damaged, amcnicky_mini_corridor_feature, centaur_isle
Temple:   minmay_temple_curvy_branch

Skill      XL: |  1  2  3  4  5  6  7  8  9 10 11 |
---------------+----------------------------------+-----
Maces & Flails | 3 4 5 7 8 9 10 | 10.0
Dodging        | 1 2 3 4 5 |  5.5
Fighting       | 4 5 6 7 8 |  8.1
Armour         | 4 5 6 7 8 |  8.2
Invocations    | 1 3 4 5 |  5.3
Throwing       | 1 2 4 |  4.4
Evocations     | 1 2 4 |  4.4
Shields        | |  3.2

Action                     |  1- 3 |  4- 6 |  7- 9 | 10-12 || total
---------------------------+-------+-------+-------+-------++-------
  Melee: Flail             |   118 |   159 |   400 |       ||   677
         Spear             |       |       |    96 |   273 ||   369
  Throw: Dart              |       |     6 |       |     4 ||    10
 Invoke: Heroism           |       |       |       |     9 ||     9
    Use: Scroll            |       |       |     1 |       ||     1
 Armour: Scale mail        |    68 |       |       |       ||    68
         Chain mail        |       |   116 |   366 |   201 ||   683
         Plate armour      |       |       |       |   107 ||   107
  Dodge: Dodged            |    55 |    66 |   272 |   186 ||   579
  Block: Buckler           |    17 |    41 |   113 |    94 ||   265

Table legend: (Time is in decaauts)
 A = Elapsed time spent in this place.
 B = Non-inter-level travel time spent in this place.
 C = Inter-level travel time spent in this place.
 D = Time resting spent in this place.
 E = Time spent auto-exploring this place.
 F = Levels seen in this place.
 G = Mean time per level.
                   A        B        C        D        E       F      G
               +--------+--------+--------+--------+--------+-----+--------+
         Total |   8971 |   8547 |    424 |   1393 |   4719 |  11 |  815.5 |
       Dungeon |   8718 |   8299 |    419 |   1393 |   4476 |  10 |  871.8 |
        Temple |    252 |    247 |      5 |      0 |    243 |   1 |  252.0 |
               +--------+--------+--------+--------+--------+-----+--------+

Top non-repeatable levels by time:
     D:9: 1392 daAuts
     D:7: 1086 daAuts
     D:8: 1066 daAuts
     D:6: 1036 daAuts
     D:3: 1024 daAuts
     D:5: 907 daAuts
     D:2: 725 daAuts
     D:1: 683 daAuts
     D:4: 644 daAuts
  Temple: 252 daAuts
    D:10: 150 daAuts
